 Dungeon Crawl Stone Soup version 0.19.1 (webtiles) character file.

3350 M4edhros the Martial Artist (level 10, 0/102 HPs)
             Began as an Octopode Necromancer on Dec 19, 2016.
             Succumbed to Grum's poison
             ... on level 9 of the Dungeon.
             The game lasted 00:19:10 (2738 turns).

M4edhros the Martial Artist (Octopode Necromancer)  Turns: 2738, Time: 00:19:11

Health: 0/102      AC:  2    Str: 12    XL:     10   Next: 3%
Magic:  0/13       EV: 17    Int: 18    God:
Gold:   165        SH:  0    Dex: 14    Spells: 3 memorised, 8 levels left

rFire  . . .     SeeInvis .       - Unarmed
rCold  . . .     Gourm    .     (no shield)
rNeg   . . .     Faith    .     (helmet restricted)
rPois  .         Spirit   +     h - amulet of guardian spirit
rElec  +         Reflect  .     (no ring)
rCorr  .         Harm     .     (no ring)
MR     .....                    (no ring)
Stlth  ..........               (no ring)
                                (no ring)
                                (no ring)
                                (no ring)
                                (no ring)

@: berserking (expiring), lethally poisoned (0 -> -7), very quick
A: almost no armour, stealthy swim, amphibious, 8 rings, constrict 8, camouflage
1, clumsy 1, shaggy fur 1, electricity resistance, slow regeneration 1,
gelatinous body 1, MP-powered wands
a: no special abilities


You were on level 9 of the Dungeon.
You were not hungry.

You visited 2 branches of the dungeon, and saw 10 of its levels.

You collected 231 gold pieces.
You spent 66 gold pieces at shops.

Inventory:

Jewellery
 c - an uncursed amulet of faith
 h - an amulet of guardian spirit (around mantle)
 p - a +2 amulet of reflection
Wands
 f - a wand of iceblast (8/15)
 o - a wand of lightning (1/15)
Scrolls
 g - a scroll of immolation {unknown}
 i - a scroll of silence {unknown}
 l - a scroll of enchant weapon
Potions
 e - a potion of magic
Books
 a - a book of Necromancy

   Spells                             Type                      Level
   a - Pain                           Necromancy                   1
   b - Animate Skeleton               Necromancy                   1
   c - Vampiric Draining              Necromancy                   3
   d - Regeneration                   Charms/Necromancy            3
   e - Animate Dead                   Necromancy                   4
   f - Control Undead                 Necromancy                   4
Comestibles
 b - 4 bread rations
 j - a beef jerky


   Skills:
 + Level 6.2 Fighting
 + Level 6.6 Dodging
 - Level 2.6 Stealth
 + Level 10.4 Unarmed Combat
 - Level 2.0 Spellcasting
 - Level 4.0 Necromancy


You had 8 spell levels left.
You knew the following spells:

 Your Spells              Type           Power        Failure   Level  Hunger
a - Pain                  Necr           ###.         3%          1    #......
b - Animate Skeleton      Necr           N/A          3%          1    #......
c - Regeneration          Chrm/Necr      #.........   24%         3    ###....


Dungeon Overview and Level Annotations

Branches:
Dungeon (9/15)             Temple (1/1) D:6
   Lair: D:8-11         Orc: D:9-12

Altars:
Ashenzari
Dithmenos
Elyvilon
Gozag
Nemelex Xobeh
Okawaru
Qazlal
Ru
Sif Muna
Trog
Uskayaw
Vehumet
Xom
Yredelemnul
Zin
The Shining One

Shops:
D:4 !


Innate Abilities, Weirdness & Mutations

You cannot wear most types of armour.
You are very stealthy in the water. (Stealth+)
You are amphibious.
You can wear up to eight rings at the same time.
You can use your tentacles to constrict eight enemies at once.
Your skin changes colour to match your surroundings (Stealth+).
Your rubbery body absorbs attacks. (AC +1, EV +1)
You are clumsy. (Dex -2)
You are covered in fur. (AC +1)
You are resistant to electric shocks. (rElec)
You regenerate slowly when monsters are visible.
You expend magic power (3 MP) to strengthen your wands.


Message History

* * * LOW HITPOINT WARNING * * *
You feel sick. The wolf bites you!
* * * LOW HITPOINT WARNING * * *
You barely miss the wolf. You grab the wolf. You squeeze the wolf!
The wolf is moderately wounded.
You constrict the wolf.
* * * LOW HITPOINT WARNING * * *
You feel sick. The wolf completely misses you.
You bludgeon the wolf!
The wolf is almost dead.
You constrict the wolf.
You kill the wolf!
* * * LOW HITPOINT WARNING * * *
You feel sick.
You are too berserk!
You are too berserk!
You are too berserk!
You see here a wolf corpse.
You feel a strong urge to attack something.
You die...

#.. ### #.# .. #.#
.#
#.##+#######)### #
#.#........$...#
#.#.+........†...#
#.#.#........@...#
#...'...######+###
###.#...# #.#...#
#.##### #..<#
#####


There were no monsters in sight!

Vanquished Creatures
  The ghost of M4edhros the Martial Artist, a novice OpNe (D:6)
  2 hornets (D:8)
  Grinder (D:5)
  A steam dragon (D:8)
  Grum (D:9)
  Menkaure (D:7)
  A soldier ant (D:8)
  A water moccasin (D:8)
  An orc warrior (D:8)
  A sky beast (D:5)
  A necrophage (D:6)
  2 wolves (D:9)
  A centaur (D:6)
  3 ogres
  A big kobold (D:7)
  A bullfrog (D:6)
  A crimson imp (D:6)
  A bullfrog zombie (D:5)
  3 hounds
  2 orc priests (D:6)
  Crazy Yiuf (D:7)
  An iguana (D:7)
  5 orc wizards
  2 worker ants
  3 gnolls (D:8)
  A worker ant zombie (D:6)
  4 adders
  3 shadow imps
  An adder skeleton (D:8)
  2 worms
  A leopard gecko (D:5)
  12 orcs
  4 goblins
  4 hobgoblins
  7 jackals
  A quokka (D:5)
  A ball python (D:3)
  2 frilled lizards
  5 kobolds
  3 rats (D:2)
90 creatures vanquished.

Vanquished Creatures (collateral kills)
  A hornet (D:8)
  An ogre (D:4)
  A bullfrog skeleton (D:4)
  A goblin (D:2)
  A hobgoblin (D:2)
  2 rats (D:2)
7 creatures vanquished.

Vanquished Creatures (others)
  A gnoll (D:8)
1 creature vanquished.

Grand Total: 98 creatures vanquished

Notes
Turn   | Place    | Note
-------+----------+-------------------------------------------
     0 | D:1      | M4edhros the Octopode Necromancer began the quest for the Orb.
     0 | D:1      | Reached XP level 1. HP: 11/11 MP: 3/3
    88 | D:2      | Found a glowing golden altar of the Shining One.
    95 | D:2      | Reached skill level 1 in Unarmed Combat
    95 | D:2      | Reached XP level 2. HP: 13/17 MP: 1/5
   105 | D:2      | Learned a level 1 spell: Animate Skeleton
   117 | D:2      | Reached skill level 2 in Unarmed Combat
   350 | D:3      | Found a sacrificial altar of Ru.
   395 | D:3      | Reached XP level 3. HP: 8/21 MP: 3/6
   400 | D:3      | Learned a level 3 spell: Regeneration
   407 | D:3      | Found a faded altar of an unknown god.
   492 | D:4      | Noticed an ogre
   510 | D:4      | Killed an ogre
   510 | D:4      | Reached skill level 4 in Unarmed Combat
   510 | D:4      | Reached XP level 4. HP: 27/27 MP: 7/7
   524 | D:4      | Reached XP level 5. HP: 24/31 MP: 8/8
   571 | D:4      | Noticed an ogre
   573 | D:4      | Found a deep blue altar of Sif Muna.
   581 | D:4      | Killed an ogre
   581 | D:4      | Reached skill level 5 in Unarmed Combat
   592 | D:4      | Found Vuyqaom's Distillery.
   603 | D:4      | Bought 2 potions of lignification for 66 gold pieces
   632 | D:5      | Entered Level 5 of the Dungeon
   723 | D:5      | Noticed Grinder
   755 | D:5      | Killed Grinder
   755 | D:5      | Reached skill level 6 in Unarmed Combat
   755 | D:5      | Reached XP level 6. HP: 36/36 MP: 5/9
   874 | D:4      | Reached XP level 7. HP: 35/41 MP: 4/10
   900 | D:4      | Reached skill level 7 in Unarmed Combat
  1289 | D:6      | Reached skill level 8 in Unarmed Combat
  1338 | D:6      | Found a staircase to the Ecumenical Temple.
  1352 | Temple   | Entered the Ecumenical Temple
  1469 | D:6      | Reached skill level 1 in Fighting
  1475 | D:6      | Reached XP level 8. HP: 36/48 MP: 1/11
  1663 | D:6      | Noticed M4edhros's ghost (novice OpNe)
  1676 | D:6      | Killed M4edhros's ghost
  1676 | D:6      | Reached skill level 9 in Unarmed Combat
  1820 | D:6      | Gained mutation: You expend magic power (3 MP) to strengthen your wands. [potion of mutation]
  1820 | D:6      | Gained mutation: You are clumsy. (Dex -2) [potion of mutation]
  1820 | D:6      | Gained mutation: You regenerate slowly when monsters are visible. [potion of mutation]
  1821 | D:6      | Gained mutation: You are covered in fur. (AC +1) [potion of mutation]
  1821 | D:6      | Gained mutation: You are resistant to electric shocks. (rElec) [potion of mutation]
  1905 | D:7      | Reached XP level 9. HP: 58/58 MP: 12/12
  2082 | D:7      | Found a stormy altar of Qazlal.
  2096 | D:7      | Noticed Menkaure
  2109 | D:7      | Killed Menkaure
  2156 | D:7      | Found a runed door.
  2161 | D:7      | Noticed Crazy Yiuf
  2166 | D:7      | Killed Crazy Yiuf
  2203 | D:7      | Found an iron altar of Okawaru.
  2239 | D:7      | Reached skill level 5 in Dodging
  2494 | D:8      | Noticed a hornet
  2495 | D:8      | Noticed a hornet
  2500 | D:8      | Paralysed by a hornet for 2 turns
  2503 | D:8      | Killed a hornet
  2503 | D:8      | Reached skill level 5 in Fighting
  2507 | D:8      | Killed a hornet
  2508 | D:8      | Reached skill level 10 in Unarmed Combat
  2511 | D:8      | Noticed a hornet
  2520 | D:8      | Killed a hornet
  2723 | D:9      | Noticed Grum
  2734 | D:9      | Killed Grum
  2734 | D:9      | Reached XP level 10. HP: 14/68 MP: 0/13
  2734 | D:9      | HP: 2/102 [wolf[Grum] (11)]
  2738 | D:9      | Succumbed to Grum's poison

Skill      XL: |  1  2  3  4  5  6  7  8  9 |
---------------+----------------------------+-----
Unarmed Combat | 1 2 4 6 8 9 10 | 10.4
Fighting       | 1 4 6 |  6.2
Dodging        | 4 6 |  6.6
Stealth        | |  2.6
Spellcasting   | |  2.0
Necromancy     | |  4.0

Action                   |  1- 3 |  4- 6 |  7- 9 | 10-12 || total
-------------------------+-------+-------+-------+-------++-------
Melee: Unarmed           |    23 |    50 |   187 |     2 ||   262
       Constrict         |     3 |     9 |    27 |     1 ||    40
       Tentacles         |     1 |     6 |    25 |     1 ||    33
       Punch             |     1 |     1 |     6 |       ||     8
 Cast: Pain              |    15 |     5 |    17 |       ||    37
       Animate Skeleton  |     3 |     8 |    16 |       ||    27
       Regeneration      |     1 |     4 |    32 |       ||    37
Evoke: Wand              |       |       |     6 |       ||     6
  Use: Potion            |     2 |       |     9 |       ||    11
       Scroll            |       |       |     9 |       ||     9
 Stab: Sleeping          |     1 |     1 |     6 |       ||     8
       Distracted        |       |       |     1 |       ||     1
  Eat: Chunk             |       |     1 |     7 |       ||     8
       Meat ration       |       |       |     1 |       ||     1
       Beef jerky        |       |       |     1 |       ||     1
Armor: Skin              |     6 |     7 |    57 |       ||    70
Dodge: Dodged            |    17 |    27 |    75 |     1 ||   120
Block: Other             |       |     1 |     3 |       ||     4
